 Dungeon Sprint DCSS version 0.30-a0-135-g630cfc4551 (webtiles) character file.

Game seed: 11229900879206928820

210505 BigDaddyOpFi the End of an Era (level 27, -6/224 HPs)
             Began as an Octopode Fighter on Sept 20, 2022.
             Was the Champion of Qazlal.
             Killed from afar by Antaeus (14 damage)
             ... with a flash freeze
             ... while petrified by a nargun
             ... in the Dungeon (Sprint VI: "Thunderdome") on Sept 21, 2022.
             The game lasted 00:55:31 (6246 turns).

BigDaddyOpFi the End of an Era (Octopode Fighter)   Turns: 6246, Time: 00:55:32

Health: -6/224     AC:  9    Str: 44    XL:     27
Magic:  17/40      EV:  2    Int: 24    God:    Qazlal [******]
Gold:   16453      SH:  0    Dex: 36    Spells: 26/26 levels left

rFire   + + +      SeeInvis +    J - +14 obsidian axe {vorpal, Mesm Drain Fly SInv}
rCold   + + +      Faith    .    w - +2 buckler of Ziuxeuwafo {Contam rN+++ Regen+ Stlth+}
rNeg    + + +      Spirit   .    (helmet restricted)
rPois   ∞          Reflect  .    G - amulet of the Middle {Acrobat rPois}
rElec   .          Harm     .    n - ring "Feyngem" {Wiz Will+ Str+3 Int+4 Stlth-}
rCorr   .          Rampage  .    p - ring "Heachoargh" {rF++ Will- AC+4 Stlth+}
Will    +....      NoTele   +    q - ring of Taobb {rN+++ Will- Int+2 Dex+6 SInv}
Stlth   ++........               N - ring "Jydou" {rF+ EV+4 Int+4 Stlth+}
HPRegen 1.27/turn                r - ring "Ucugie" {Str+6 Int+3}
MPRegen 0.27/turn                s - ring "Guasmol" {rC+ MP-9 AC+4 Str+6 Dex+3}
                                 t - ring "Mokymeg" {MP+9 Dex+10}
                                 u - ring "Levoot" {rC+ Dex+6 SInv}

@: petrified, protected from cold, flying, mesmerised, repel missiles
A: almost no armour, amphibious, 8 rings, camouflage 1, gelatinous body 1,
(nimble swimmer 1), tentacles
0: Orb of Zot
}: 7/15 runes: serpentine, barnacled, slimy, silver, fiery, dark, mossy
a: Renounce Religion, Upheaval, Elemental Force, Disaster Area


You were in the Dungeon.
You worshipped Qazlal.
Qazlal was exalted by your worship.
You visited 1 branch You collected 30580 gold pieces.
You spent 14127 gold pieces at shops.

Inventory:

Hand Weapons
 l - a +9 war axe of flaming
 H - a +2 war axe of chaos
 J - the +14 obsidian axe (weapon) {vorpal, Mesm Drain Fly SInv}
   (You found it in the Dungeon)

   It inflicts extra damage upon your enemies.
   It occasionally summons demons to assist the wielder when it strikes in
   combat.
   Its wielder is mesmerised by any visible foes.
   It cannot be unequipped while any foes are visible.
   SInv:      It lets you see invisible.
   Fly:       It grants you flight.
   Drain:     It drains your maximum health when unequipped.
Missiles
 x - 3 throwing nets (quivered)
 y - 14 large rocks
Armour
 a - a +0 cloak
 w - the +2 buckler of Ziuxeuwafo (worn) {Contam rN+++ Regen+ Stlth+}
   (You bought it in a shop in the Dungeon)

   rN:        It renders you almost immune to negative energy.
   Contam:    It causes magical contamination when unequipped.
   Regen:     It increases your rate of health regeneration.
   Stlth:     It makes you more stealthy.
 I - the +5 kite shield of Satisfaction {Str-5 Int+3 Dex+4}
   (You bought it in a shop in the Dungeon)

   Str:       It affects your strength (-5).
   Int:       It affects your intelligence (+3).
   Dex:       It affects your dexterity (+4).
 K - the +3 buckler of Xiamycul {rC- rCorr Str+2}
   (You bought it in a shop in the Dungeon)

   Str:       It affects your strength (+2).
   rC:        It makes you vulnerable to cold.
   rCorr:     It protects you from acid and corrosion.
Jewellery
 c - the ring of Akyaz {Wiz rElec rPois Int+5}
   (You bought it in a shop in the Dungeon)

   [ring of wizardry]

   It improves your spell success rate.
   Int:       It affects your intelligence (+5).
   rElec:     It insulates you from electricity.
   rPois:     It protects you from poison.
 n - the ring "Feyngem" (left tentacle) {Wiz Will+ Str+3 Int+4 Stlth-}
   (You bought it in a shop in the Dungeon)

   [ring of wizardry]

   It improves your spell success rate.
   Str:       It affects your strength (+3).
   Int:       It affects your intelligence (+4).
   Will:      It increases your willpower.
   Stlth:     It makes you less stealthy.
 o - the amulet "Raes" {Spirit rF+ Int+2}
   (You bought it in a shop in the Dungeon)

   [amulet of guardian spirit]

   It causes incoming damage to be divided between your reserves of health and
   magic.
   Int:       It affects your intelligence (+2).
   rF:        It protects you from fire.
 p - the ring "Heachoargh" (right tentacle) {rF++ Will- AC+4 Stlth+}
   (You bought it in a shop in the Dungeon)

   [ring of protection]

   AC:        It affects your AC (+4).
   rF:        It greatly protects you from fire.
   Will:      It decreases your willpower.
   Stlth:     It makes you more stealthy.
 q - the ring of Taobb (on tentacle) {rN+++ Will- Int+2 Dex+6 SInv}
   (You bought it in a shop in the Dungeon)

   [ring of dexterity]

   Int:       It affects your intelligence (+2).
   Dex:       It affects your dexterity (+6).
   rN:        It renders you almost immune to negative energy.
   SInv:      It lets you see invisible.
   Will:      It decreases your willpower.
 r - the ring "Ucugie" (on tentacle) {Str+6 Int+3}
   (You bought it in a shop in the Dungeon)

   [ring of strength]

   Str:       It affects your strength (+6).
   Int:       It affects your intelligence (+3).
 s - the ring "Guasmol" (on tentacle) {rC+ MP-9 AC+4 Str+6 Dex+3}
   (You bought it in a shop in the Dungeon)

   [ring of protection]

   AC:        It affects your AC (+4).
   Str:       It affects your strength (+6).
   Dex:       It affects your dexterity (+3).
   rC:        It protects you from cold.
   MP:        It affects your magic capacity (-9).
 t - the ring "Mokymeg" (on tentacle) {MP+9 Dex+10}
   (You bought it in a shop in the Dungeon)

   [ring of magical power]

   Dex:       It affects your dexterity (+10).
   MP:        It affects your magic capacity (+9).
 u - the ring "Levoot" (on tentacle) {rC+ Dex+6 SInv}
   (You bought it in a shop in the Dungeon)

   [ring of see invisible]

   Dex:       It affects your dexterity (+6).
   rC:        It protects you from cold.
   SInv:      It lets you see invisible.
 C - the ring of the Past {Wiz rF+ Dex+4}
   (You bought it in a shop in the Dungeon)

   [ring of wizardry]

   It improves your spell success rate.
   Dex:       It affects your dexterity (+4).
   rF:        It protects you from fire.
 D - the ring "Hero's Friend" {Str+3 Dex+3 SInv}
   (You bought it in a shop in the Dungeon)

   [ring of see invisible]

   Str:       It affects your strength (+3).
   Dex:       It affects your dexterity (+3).
   SInv:      It lets you see invisible.
 E - the ring "Kimomang" {rElec rPois rCorr Str-5 SInv}
   (You bought it in a shop in the Dungeon)

   [ring of see invisible]

   Str:       It affects your strength (-5).
   rElec:     It insulates you from electricity.
   rPois:     It protects you from poison.
   SInv:      It lets you see invisible.
   rCorr:     It protects you from acid and corrosion.
 F - the ring "Ihamuf" {Wiz Str+2}
   (You bought it in a shop in the Dungeon)

   [ring of wizardry]

   It improves your spell success rate.
   Str:       It affects your strength (+2).
 G - the amulet of the Middle (around mantle) {Acrobat rPois}
   (You bought it in a shop in the Dungeon)

   [amulet of the acrobat]

   It increases your evasion while moving and waiting.
   rPois:     It protects you from poison.
 M - the ring of Geinealig {rPois rC- rN+++ rCorr Stlth+}
   (You bought it in a shop in the Dungeon)

   [ring of resist corrosion]

   rC:        It makes you vulnerable to cold.
   rPois:     It protects you from poison.
   rN:        It renders you almost immune to negative energy.
   rCorr:     It protects you from acid and corrosion.
   Stlth:     It makes you more stealthy.
 N - the ring "Jydou" (on tentacle) {rF+ EV+4 Int+4 Stlth+}
   (You bought it in a shop in the Dungeon)

   [ring of evasion]

   EV:        It affects your evasion (+4).
   Int:       It affects your intelligence (+4).
   rF:        It protects you from fire.
   Stlth:     It makes you more stealthy.
 O - the ring "Soemmivu" {rC+ Str+5}
   (You bought it in a shop in the Dungeon)

   [ring of protection from cold]

   Str:       It affects your strength (+5).
   rC:        It protects you from cold.
 Q - the ring "Seet" {rN+ MP+9 Str-5 Int+10}
   (You found it in the Dungeon)

   [ring of magical power]

   Str:       It affects your strength (-5).
   Int:       It affects your intelligence (+10).
   rN:        It protects you from negative energy.
   MP:        It affects your magic capacity (+9).
Wands
 k - a wand of light (2)
Scrolls
 i - 26 scrolls of blinking
 m - 3 scrolls of fog
 v - 4 scrolls of enchant armour
 A - a scroll of identify
Potions
 b - a potion of attraction
 d - 22 potions of curing
 e - 34 potions of heal wounds
 f - 14 potions of haste
 g - 10 potions of might
 h - a potion of berserk rage
 j - 20 potions of resistance
 z - a potion of flight
 P - 24 potions of magic
Miscellaneous
 B - a quad damage
 L - the horn of Geryon


   Skills:
 O Level 27 Fighting
 O Level 27 Axes
 * Level 26.3 Throwing
 O Level 27 Dodging
 O Level 27 Stealth
 O Level 27 Shields
 - Level 7.3 Unarmed Combat
 O Level 27 Invocations
 O Level 27 Evocations


You had 26 spell levels left.
You didn't know any spells.
Your spell library was empty.

Dungeon Overview and Level Annotations

Branches:
Dungeon (1/1)

Altars:
Cheibriados
Dithmenos
Fedhas
Gozag
Kikubaaqudgha
Makhleb
Okawaru
Qazlal
Ru
Sif Muna
Trog
Uskayaw
Vehumet
Wu Jian
Xom
Yredelemnul
Zin
The Shining One
Lugonu

Shops:
D [??*?*:[((!!

Annotations:
D Antaeus


Innate Abilities, Weirdness & Mutations

You cannot wear most types of armour.
You are amphibious.
You can wear up to eight rings at the same time.
Your skin changes colour to match your surroundings (Stealth+).
Your rubbery body absorbs attacks. (AC +1, EV +1)
((You are camouflaged when in or above water. (Stealth+)))
You have tentacles for arms and can constrict up to eight enemies at once.


Message History

Antaeus is heavily wounded.
The blast of ice hits Antaeus!
Antaeus partially resists.
Antaeus is heavily wounded.
Visions of slaying Antaeus flood into your mind.
You have turned to stone.
Your Throwing skill increases to level 26!
Antaeus is no longer encased in ice.
Antaeus gestures at you. The flash freeze hits you!! You partially resist.
You feel protected from cold.
You are encased in ice.
An Ice Fiend comes into view.
The Ice Fiend roars!
You are no longer entranced.
Visions of slaying the Ice Fiend flood into your mind.
Visions of slaying Antaeus flood into your mind.
Antaeus hits you!!! Antaeus freezes you! You resist. Antaeus hits you!!
* * * LOW HITPOINT WARNING * * *
Antaeus freezes you! You resist.
* * * LOW HITPOINT WARNING * * *
The ice encasing you melts away. Antaeus hits you!!
* * * LOW HITPOINT WARNING * * *
Antaeus freezes you! You resist.
* * * LOW HITPOINT WARNING * * *
Antaeus hits you!
* * * LOW HITPOINT WARNING * * *
Antaeus freezes you! You resist.
* * * LOW HITPOINT WARNING * * *
The Ice Fiend gestures at you.
The bolt of cold hits Antaeus but does no damage.
The bolt of cold hits you! You resist.
You feel more protected from cold.
* * * LOW HITPOINT WARNING * * *
Antaeus gestures at you. The bolt of lightning hits you!!
* * * LOW HITPOINT WARNING * * *
Antaeus gestures at you. The flash freeze hits you!! You partially resist.
You die...

######[8).[.))[..8≈######
##.___9.[.≈)###[≈≈≈[≈_._∩##
###∩..≈..[.[8.# #≈8≈.).....∩##
##..[..≈≈[)...)###.)([)........
#⌠.....≈.)..###≈.)###[.........
#⌠.[..).≈.≈.# #[≈.# #....[.....
#⌠....[≈)[[.###).[###.[).......
##.....))≈..1C.###[.)..[.[.)...
###∩.))[≈≈≈.8@# #≈8......).)##
##∩.__))≈≈≈.###.≈≈≈≈≈__.[##
######≈8§☼§°.§..≈8.######
#)....≈...)≈≈)# ###†.≈≈≈...≈###
#_.≈≈≈≈)..# #_.≈≈≈≈≈≈_#
#_≈≈[|..._# #∩.).....∩#


You could see Antaeus (mesmerising) and an Ice Fiend.

Vanquished Creatures
  Cerebov (D)
  6 vault guards (D)
  Gloorx Vloq (D)
  A seraph (D)
  Tiamat (D)
  A pandemonium lord (D)
  An ancient lich (D)
  A royal mummy (D)
  Agnes (D)
  4 Killer Klowns (D)
  Polyphemus (D)
  Xtahua (D)
  Geryon (D)
  4 golden dragons (D)
  A profane servitor (D)
  2 electric golems (D)
  A Tzitzimitl (D)
  5 Brimstone Fiends (D)
  Rupert (D)
  A tentacled monstrosity (D)
  2 Ice Fiends (D)
  18 Orb Guardians (D)
  2 deep elf blademasters (D)
  3 deep elf master archers (D)
  An acid blob (D)
  7 sphinxes (D)
  A quicksilver dragon (D)
  2 Executioners (D)
  A storm dragon (D)
  A shadow dragon (D)
  A daeva (D)
  2 rockslimes (D)
  2 narguns (D)
  A draconian monk (D)
  4 deep elf sorcerers (D)
  A curse skull (D)
  3 ghost moths (D)
  3 reapers (D)
  4 quicksilver oozes (D)
  An angel (D)
  3 vampire knights (D)
  6 green draconians (D)
  A yellow draconian (D)
  4 purple draconians (D)
  14 lorocyprocas (D)
  2 deep elf demonologists (D)
  A black draconian (D)
  A red draconian (D)
  3 eidola (D)
  5 green deaths (D)
  10 merfolk javelineers (D)
  3 deep elf high priests (D)
  A naga warrior (D)
  3 deep elf death magi (D)
  2 merfolk impalers (D)
  2 fire dragons (D)
  3 blizzard demons (D)
  3 great orbs of eyes (D)
  2 ice dragons (D)
  Harold (D)
  A hydra (D)
  12 catoblepae (D)
  2 hell beasts (D)
  20 boulder beetles (D)
  7 merfolk aquamancers (D)
  5 soul eaters (D)
  4 sun demons (D)
  14 hell knights (D)
  28 fire crabs (D)
  5 sea snakes (D)
  A cherub (D)
  A shadow demon (D)
  5 swamp dragons (D)
  3 bog bodies (D)
  4 death drakes (D)
  2 glowing orange brains (D)
  2 wizards (D)
  5 necromancers (D)
  A deep elf zephyrmancer (D)
  A deep elf pyromancer (D)
  A cyclops (D)
  A manticore (D)
  2 shining eyes (D)
  A toenail golem (D)
  A moth of wrath (D)
  A rust devil (D)
  An orange demon (D)
  A kobold demonologist (D)
  A demonic crawler (D)
  A guardian mummy (D)
  2 freezing wraiths (D)
  A komodo dragon (D)
  A golden dragon simulacrum (D)
  A hellwing (D)
  2 red devils (D)
  A troll (D)
  2 merfolk (D)
  7 slime creatures (D)
  2 snapping turtles (D)
  3 stone giant simulacra (D)
  2 flying skulls (D)
  3 water elementals (D)
  Sigmund (D)
  A shadow (D)
  A yak (D)
  A ynoxinul (D)
  4 golden eyes (D)
  A chaos spawn (D)
  5 redbacks (D)
  2 hydra simulacra (D)
  An acid dragon (D)
  A hell hound (D)
  8 dwarves (D)
  7 ice beasts (D)
  A centaur (D)
  5 necrophages (D)
  A gnoll sergeant (D)
  6 scorpions (D)
  2 wights (D)
  A jelly (D)
  An orc priest (D)
  An iguana (D)
  Terence (D)
  A spriggan simulacrum (D)
  3 mummies (D)
  4 ogre simulacra (D)
  An adder skeleton (D)
  A giant cockroach (D)
  A goblin (D)
  A jackal (D)
  A jackal skeleton (D)
  A quokka zombie (D)
  8 fire vortices (D)
401 creatures vanquished.

Vanquished Creatures (collateral kills)
  An Orb Guardian (D)
  A reaper (D)
  A merfolk impaler (D)
  2 merfolk javelineers (D)
  A green death (D)
  2 hydras (D)
  3 catoblepae (D)
  A merfolk aquamancer (D)
  A death drake (D)
  6 fire crabs (D)
  2 swamp dragons (D)
  A wizard (D)
  A moth of wrath (D)
  A smoke demon (D)
24 creatures vanquished.

Vanquished Creatures (others)
  A Killer Klown (D)
  A black draconian (D)
  A merfolk aquamancer (D)
  A dwarf (D)
4 creatures vanquished.

Grand Total: 429 creatures vanquished

Notes
Turn   | Place    | Note
-------+----------+-------------------------------------------
     0 | D        | BigDaddyOpFi the Octopode Fighter began the quest for the
                  | Orb.
     0 | D        | Reached XP level 1. HP: 16/16 MP: 1/1
     4 | D        | Found a sacrificial altar of Ru.
     5 | D        | Found a glowing silver altar of Zin.
     5 | D        | Found a stormy altar of Qazlal.
     5 | D        | Round 1.
     6 | D        | Found an opulent altar of Gozag.
     7 | D        | Found a radiant altar of Vehumet.
     7 | D        | Found a glowing golden altar of the Shining One.
     7 | D        | Found a burning altar of Makhleb.
     7 | D        | Found Etzet's Identification Station.
     8 | D        | Found Jeownymm's Jewellery.
     8 | D        | Found Venuado's Advanced Armour.
    17 | D        | Bought an ancient platinum ring for 45 gold pieces
    17 | D        | Identified the ring "Feyngem" {Wiz Will+ Str+3 Int+4
                  | Stlth-} (You bought it in a shop in the Dungeon)
    17 | D        | Bought an ancient crystal amulet for 45 gold pieces
    17 | D        | Identified the amulet "Raes" {Spirit rF+ Int+2} (You bought
                  | it in a shop in the Dungeon)
    17 | D        | Bought a clouded golden ring for 45 gold pieces
    17 | D        | Identified the ring "Heachoargh" {rF++ Will- AC+4 Stlth+}
                  | (You bought it in a shop in the Dungeon)
    17 | D        | Bought a brightly glowing iron ring for 45 gold pieces
    17 | D        | Identified the ring of Taobb {rN+++ Will- Int+2 Dex+6 SInv}
                  | (You bought it in a shop in the Dungeon)
    21 | D        | Noticed Sigmund
    31 | D        | Killed Sigmund
    32 | D        | Reached XP level 2. HP: 25/26 MP: 2/2
    32 | D        | Reached XP level 3. HP: 30/31 MP: 3/3
    32 | D        | Reached XP level 4. HP: 35/36 MP: 4/4
    32 | D        | Reached XP level 5. HP: 40/42 MP: 5/5
    34 | D        | Found a corrupted altar of Lugonu.
    35 | D        | Found an iron altar of Okawaru.
    36 | D        | Found a shimmering blue altar of Sif Muna.
    37 | D        | Found Yfaymm's Premium Goods.
    38 | D        | Found a hide-covered altar of Uskayaw.
    38 | D        | Found a shadowy altar of Dithmenos.
    38 | D        | Found Untep's Weapon Rack.
    38 | D        | Found Caxkues's Miscellaneous Merchandise.
    38 | D        | Found Cycvufaplo's Basic Armour.
    42 | D        | Found an ancient bone altar of Kikubaaqudgha.
    43 | D        | Found a snail-covered altar of Cheibriados.
    45 | D        | Found Jyodd's Do-It-Yourself Clinic.
    45 | D        | Found an ornate altar of the Wu Jian Council.
    45 | D        | Found a basalt altar of Yredelemnul.
    45 | D        | Found Veschuu's Distillery.
    47 | D        | Found Heura's Bottled Wisdom.
    47 | D        | Found Ipolawux's Distillery.
    50 | D        | Found a shimmering altar of Xom.
    51 | D        | Found a bloodstained altar of Trog.
    52 | D        | Found a blossoming altar of Fedhas.
    53 | D        | Found Sarchi's Staff Store.
    54 | D        | Found Cetexkeo's Magic Scroll Shop.
    54 | D        | Found Ubeboq's Must-Have Magic.
    54 | D        | Found Cojoth's Magic Scroll Shop.
    94 | D        | Noticed Terence
   104 | D        | Killed Terence
   153 | D        | Arena points: 14 (+14) [x2]
   189 | D        | Round 2.
   201 | D        | Reached XP level 6. HP: 49/49 MP: 6/6
   206 | D        | Reached skill level 5 in Axes
   223 | D        | Reached XP level 7. HP: 35/54 MP: 5/7
   226 | D        | Arena points: 56 (+42) [x3]
   243 | D        | Bought a clouded platinum ring for 45 gold pieces
   243 | D        | Identified the ring of Akyaz {Wiz rElec rPois Int+5} (You
                  | bought it in a shop in the Dungeon)
   243 | D        | Bought a fine brass ring for 45 gold pieces
   243 | D        | Identified the ring "Ucugie" {Str+6 Int+3} (You bought it
                  | in a shop in the Dungeon)
   258 | D        | Round 3.
   305 | D        | Noticed a kobold demonologist
   310 | D        | Noticed a ynoxinul
   312 | D        | Noticed a rust devil
   312 | D        | Killed a kobold demonologist
   313 | D        | Reached skill level 10 in Dodging
   313 | D        | Reached XP level 8. HP: 57/62 MP: 8/8
   354 | D        | Noticed a troll
   361 | D        | Killed a troll
   395 | D        | Noticed a komodo dragon
   416 | D        | Killed a komodo dragon
   416 | D        | Arena points: 140 (+84) [x4]
   423 | D        | Bought a flickering platinum ring for 45 gold pieces
   423 | D        | Identified the ring "Guasmol" {rC+ MP-9 AC+4 Str+6 Dex+3}
                  | (You bought it in a shop in the Dungeon)
   423 | D        | Bought a heavily runed turquoise ring for 45 gold pieces
   423 | D        | Identified the ring "Mokymeg" {MP+9 Dex+10} (You bought it
                  | in a shop in the Dungeon)
   433 | D        | Round 4.
   485 | D        | Reached skill level 10 in Axes
   490 | D        | Arena points: 240 (+100) [x5]
   497 | D        | Bought a warped turquoise ring for 45 gold pieces
   497 | D        | Identified the ring "Levoot" {rC+ Dex+6 SInv} (You bought
                  | it in a shop in the Dungeon)
   506 | D        | Round 5.
   533 | D        | Bought a +0 broad axe for 120 gold pieces
   548 | D        | Noticed a naga warlord
   571 | D        | Killed a naga warlord
   571 | D        | Arena points: 485 (+245) [x7]
   572 | D        | Reached skill level 10 in Fighting
   572 | D        | Reached XP level 9. HP: 16/70 MP: 1/9
   574 | D        | Got a serpentine rune of Zot
   575 | D        | Reached skill level 10 in Shields
   575 | D        | Reached XP level 10. HP: 18/77 MP: 2/10
   765 | D        | Round 6.
   767 | D        | Noticed a bog body
   768 | D        | Noticed a bog body
   774 | D        | Noticed a bog body
   775 | D        | Killed a bog body
   782 | D        | Killed a bog body
   817 | D        | Killed a bog body
   817 | D        | Arena points: 869 (+384) [x8]
   833 | D        | Bought a smoking hat for 315 gold pieces
   833 | D        | Identified the +2 hat of Going Fast {Will+ Int+2 Dex-5}
                  | (You bought it in a shop in the Dungeon)
   850 | D        | Round 7.
   917 | D        | Reached XP level 11. HP: 79/83 MP: 11/11
   937 | D        | Arena points: 1499 (+630) [x9]
   946 | D        | Bought 2 potions of experience for 600 gold pieces
   946 | D        | Reached XP level 12. HP: 90/90 MP: 12/12
   947 | D        | Reached skill level 15 in Dodging
   947 | D        | Reached XP level 13. HP: 95/95 MP: 13/13
   984 | D        | Became a worshipper of Qazlal Stormbringer
  1006 | D        | Round 8.
  1036 | D        | Reached skill level 1 in Invocations
  1052 | D        | Reached * piety under Qazlal
  1069 | D        | Reached ** piety under Qazlal
  1141 | D        | Arena points: 2379 (+880) [x10]
  1154 | D        | Bought an ancient buckler for 332 gold pieces
  1154 | D        | Identified the +2 buckler of Ziuxeuwafo {Contam rN+++
                  | Regen+ Stlth+} (You bought it in a shop in the Dungeon)
  1202 | D        | Round 9.
  1210 | D        | Noticed Harold
  1217 | D        | Reached *** piety under Qazlal
  1222 | D        | Killed Harold
  1227 | D        | Reached skill level 5 in Invocations
  1255 | D        | Noticed Rupert
  1261 | D        | Reached **** piety under Qazlal
  1269 | D        | Killed Rupert
  1276 | D        | Arena points: 3270 (+891) [x11]
  1341 | D        | Bought a potion of experience for 300 gold pieces
  1341 | D        | Reached XP level 14. HP: 104/104 MP: 18/20
  1341 | D        | Round 10.
  1346 | D        | Noticed Polyphemus
  1371 | D        | Killed Polyphemus
  1371 | D        | Reached ***** piety under Qazlal
  1371 | D        | Arena points: 4570 (+1300) [x13]
  1372 | D        | Reached skill level 15 in Axes
  1375 | D        | Got a barnacled rune of Zot
  1383 | D        | Reached XP level 15. HP: 92/110 MP: 16/22
  1481 | D        | Bought 3 potions of heal wounds for 105 gold pieces
  1507 | D        | Bought 8 scrolls of enchant weapon for 600 gold pieces
  1557 | D        | Round 11.
  1581 | D        | Reached skill level 10 in Invocations
  1705 | D        | Reached ****** piety under Qazlal
  1705 | D        | Arena points: 6110 (+1540) [x14]
  1729 | D        | Bought a scroll of brand weapon for 95 gold pieces
  1733 | D        | Bought a scroll of brand weapon for 95 gold pieces
  1767 | D        | Round 12.
  1866 | D        | Reached skill level 15 in Invocations
  1936 | D        | Arena points: 8090 (+1980) [x15]
  1967 | D        | Round 13.
  1984 | D        | Bought 3 potions of experience for 900 gold pieces
  1986 | D        | Reached XP level 16. HP: 120/120 MP: 28/28
  1987 | D        | Reached XP level 17. HP: 126/126 MP: 29/29
  1988 | D        | Reached XP level 18. HP: 132/132 MP: 30/30
  2047 | D        | Arena points: 10378 (+2288) [x16]
  2114 | D        | Round 14.
  2153 | D        | Bought 4 scrolls of enchant armour for 300 gold pieces
  2183 | D        | Reached skill level 15 in Fighting
  2193 | D        | Reached skill level 15 in Shields
  2199 | D        | Paralysed by a vampire knight for 4 turns
  2221 | D        | Paralysed by a vampire knight for 3 turns
  2275 | D        | Bought 3 potions of heal wounds for 105 gold pieces
  2284 | D        | Bought 6 potions of might for 168 gold pieces
  2285 | D        | Arena points: 10532 (+154) [x1]
  2300 | D        | Round 15.
  2306 | D        | Noticed Agnes
  2324 | D        | Killed Agnes
  2324 | D        | Arena points: 11027 (+495) [x3]
  2327 | D        | Got a mossy rune of Zot
  2374 | D        | Bought a quad damage for 400 gold pieces
  2378 | D        | Bought a scroll of blinking for 150 gold pieces
  2493 | D        | Round 16.
  2524 | D        | Paralysed by a great orb of eyes for 5 turns
  2596 | D        | Arena points: 11987 (+960) [x4]
  2653 | D        | Bought a scintillating gossamer ring for 45 gold pieces
  2653 | D        | Identified the ring of the Past {Wiz rF+ Dex+4} (You bought
                  | it in a shop in the Dungeon)
  2653 | D        | Bought a slimy bronze ring for 45 gold pieces
  2653 | D        | Identified the ring "Hero's Friend" {Str+3 Dex+3 SInv} (You
                  | bought it in a shop in the Dungeon)
  2653 | D        | Bought a twitching amber ring for 45 gold pieces
  2653 | D        | Identified the ring "Kimomang" {rElec rPois rCorr Str-5
                  | SInv} (You bought it in a shop in the Dungeon)
  2653 | D        | Bought a transparent bone ring for 45 gold pieces
  2653 | D        | Identified the ring "Ihamuf" {Wiz Str+2} (You bought it in
                  | a shop in the Dungeon)
  2653 | D        | Bought a crude garnet amulet for 45 gold pieces
  2653 | D        | Identified the amulet of the Middle {Acrobat rPois} (You
                  | bought it in a shop in the Dungeon)
  2663 | D        | Reached XP level 19. HP: 142/142 MP: 31/33
  2666 | D        | Round 17.
  2684 | D        | Bought 3 scrolls of identify for 150 gold pieces
  2711 | D        | Reached XP level 20. HP: 125/149 MP: 34/34
  2804 | D        | Arena points: 13007 (+1020) [x5]
  2845 | D        | Bought 3 potions of experience for 900 gold pieces
  2845 | D        | Reached XP level 21. HP: 130/155 MP: 35/35
  2846 | D        | Reached XP level 22. HP: 137/162 MP: 36/36
  2847 | D        | Reached XP level 23. HP: 142/167 MP: 37/37
  2874 | D        | Round 18.
  2982 | D        | Arena points: 14303 (+1296) [x6]
  3039 | D        | Round 19.
  3184 | D        | Arena points: 16431 (+2128) [x7]
  3238 | D        | Round 20.
  3283 | D        | Arena points: 18771 (+2340) [x9]
  3284 | D        | Found the +14 obsidian axe {vorpal, Mesm Drain Fly SInv}
  3286 | D        | Got a silver rune of Zot
  3370 | D        | Reached XP level 24. HP: 179/179 MP: 39/39
  3481 | D        | Round 21.
  3482 | D        | Noticed Xtahua
  3485 | D        | Killed Xtahua
  3592 | D        | Arena points: 21501 (+2730) [x10]
  3605 | D        | Bought a distressingly furry kite shield for 332 gold
                  | pieces
  3605 | D        | Identified the +5 kite shield of Satisfaction {Str-5 Int+3
                  | Dex+4} (You bought it in a shop in the Dungeon)
  3605 | D        | Bought a jewelled buckler for 332 gold pieces
  3605 | D        | Identified the +3 buckler of Xiamycul {rC- rCorr Str+2}
                  | (You bought it in a shop in the Dungeon)
  3659 | D        | Round 22.
  3726 | D        | Arena points: 25131 (+3630) [x11]
  3742 | D        | Round 23.
  3782 | D        | Reached skill level 27 in Invocations
  3873 | D        | Arena points: 30927 (+5796) [x12]
  3923 | D        | Round 24.
  3983 | D        | Noticed Geryon
  4000 | D        | Killed Geryon
  4039 | D        | Bought a potion of experience for 300 gold pieces
  4039 | D        | Reached skill level 5 in Evocations
  4039 | D        | Reached XP level 25. HP: 194/194 MP: 40/40
  4044 | D        | Arena points: 36231 (+5304) [x13]
  4104 | D        | Round 25.
  4129 | D        | Arena points: 41856 (+5625) [x15]
  4132 | D        | Got a slimy rune of Zot
  4133 | D        | Reached XP level 26. HP: 190/201 MP: 40/40
  4340 | D        | Round 26.
  4365 | D        | Noticed a Killer Klown
  4374 | D        | Noticed a Killer Klown
  4377 | D        | Killed a Killer Klown
  4391 | D        | Killed a Killer Klown
  4492 | D        | Noticed a Killer Klown
  4507 | D        | Killed a Killer Klown
  4507 | D        | Arena points: 49344 (+7488) [x16]
  4542 | D        | Round 27.
  4555 | D        | Noticed a Killer Klown
  4562 | D        | Killed a Killer Klown
  4568 | D        | Found the +4 dragonskin cloak
  4568 | D        | Noticed Tiamat
  4574 | D        | Reached XP level 27. HP: 185/212 MP: 32/40
  4586 | D        | Killed Tiamat
  4592 | D        | Noticed an ancient lich
  4606 | D        | Killed an ancient lich
  4675 | D        | Reached skill level 27 in Dodging
  4678 | D        | Arena points: 58524 (+9180) [x17]
  4790 | D        | Bought a warped copper ring for 45 gold pieces
  4790 | D        | Identified the ring of Geinealig {rPois rC- rN+++ rCorr
                  | Stlth+} (You bought it in a shop in the Dungeon)
  4790 | D        | Bought a twitching platinum ring for 45 gold pieces
  4790 | D        | Identified the ring "Jydou" {rF+ EV+4 Int+4 Stlth+} (You
                  | bought it in a shop in the Dungeon)
  4790 | D        | Bought a vibrating ivory ring for 45 gold pieces
  4790 | D        | Identified the ring "Soemmivu" {rC+ Str+5} (You bought it
                  | in a shop in the Dungeon)
  4866 | D        | Round 28.
  5015 | D        | Arena points: 69108 (+10584) [x18]
  5016 | D        | Reached skill level 27 in Axes
  5049 | D        | Round 29.
  5078 | D        | Got the Orb of Zot
  5110 | D        | Reached skill level 27 in Shields
  5112 | D        | Reached skill level 27 in Fighting
  5136 | D        | Reached skill level 15 in Stealth
  5205 | D        | Arena points: 84536 (+15428) [x28]
  5254 | D        | Round 30.
  5278 | D        | Noticed Gloorx Vloq
  5281 | D        | Killed Gloorx Vloq
  5281 | D        | Identified the ring "Seet" {rN+ MP+9 Str-5 Int+10} (You
                  | found it in the Dungeon)
  5281 | D        | Arena points: 98936 (+14400) [x30]
  5284 | D        | Got a dark rune of Zot
  5416 | D        | Noticed a seraph
  5425 | D        | Killed a seraph
  5426 | D        | Reached skill level 27 in Stealth
  5426 | D        | Reached skill level 10 in Evocations
  5477 | D        | Round 31.
  5498 | D        | Reached skill level 15 in Evocations
  5601 | D        | Arena points: 119117 (+20181) [x31]
  5660 | D        | Noticed Tixetwo the pandemonium lord
  5661 | D        | Round 32.
  5665 | D        | Killed Tixetwo the pandemonium lord
  5725 | D        | Arena points: 135501 (+16384) [x32]
  5748 | D        | Round 33.
  5760 | D        | Found the +6 sword of Cerebov {flame}
  5760 | D        | Noticed Cerebov
  5791 | D        | Killed Cerebov
  5791 | D        | Arena points: 154575 (+19074) [x34]
  5792 | D        | Reached skill level 27 in Evocations
  5792 | D        | Reached skill level 10 in Throwing
  5794 | D        | Got a fiery rune of Zot
  5894 | D        | Reached skill level 5 in Unarmed Combat
  5955 | D        | Bought 4 potions of curing for 84 gold pieces
  5955 | D        | Bought 3 potions of heal wounds for 105 gold pieces
  5955 | D        | Bought 3 potions of heal wounds for 105 gold pieces
  5955 | D        | Bought 3 potions of heal wounds for 105 gold pieces
  5955 | D        | Bought 3 potions of heal wounds for 105 gold pieces
  5955 | D        | Bought 3 potions of heal wounds for 105 gold pieces
  5955 | D        | Bought 3 potions of heal wounds for 105 gold pieces
  5955 | D        | Bought 3 potions of heal wounds for 105 gold pieces
  5955 | D        | Bought 3 potions of heal wounds for 105 gold pieces
  5955 | D        | Bought 3 potions of heal wounds for 105 gold pieces
  5955 | D        | Bought 3 potions of heal wounds for 105 gold pieces
  5955 | D        | Bought 4 potions of curing for 84 gold pieces
  5955 | D        | Bought 4 potions of curing for 84 gold pieces
  5955 | D        | Bought 4 potions of curing for 84 gold pieces
  5955 | D        | Bought 4 potions of curing for 84 gold pieces
  5965 | D        | Bought 6 potions of magic for 336 gold pieces
  5965 | D        | Bought 6 potions of magic for 336 gold pieces
  5965 | D        | Bought 6 potions of resistance for 420 gold pieces
  5965 | D        | Bought 6 potions of might for 168 gold pieces
  5965 | D        | Bought 4 potions of haste for 280 gold pieces
  5965 | D        | Bought 3 potions of haste for 210 gold pieces
  5967 | D        | Bought a potion of curing for 21 gold pieces
  5967 | D        | Bought 6 potions of magic for 336 gold pieces
  5967 | D        | Bought 6 potions of magic for 336 gold pieces
  5967 | D        | Bought 6 potions of resistance for 420 gold pieces
  5967 | D        | Bought 6 potions of resistance for 420 gold pieces
  5967 | D        | Bought 3 potions of haste for 210 gold pieces
  5975 | D        | Round 34.
  6009 | D        | Reached skill level 15 in Throwing
  6105 | D        | Arena points: 189085 (+34510) [x35]
  6125 | D        | Bought 5 scrolls of blinking for 375 gold pieces
  6125 | D        | Bought 4 scrolls of blinking for 300 gold pieces
  6125 | D        | Bought 3 scrolls of blinking for 225 gold pieces
  6127 | D        | Bought 5 scrolls of blinking for 375 gold pieces
  6127 | D        | Bought 4 scrolls of blinking for 300 gold pieces
  6127 | D        | Bought 3 scrolls of blinking for 225 gold pieces
  6146 | D        | Round 35.
  6147 | D        | Noticed a royal mummy
  6163 | D        | Killed a royal mummy
  6177 | D        | Arena points: 210505 (+21420) [x36]
  6221 | D        | Round 36.
  6234 | D        | Noticed Antaeus
  6245 | D        | HP: 6/224 [Antaeus/bolt of lightning (14)]
  6246 | D        | Killed from afar by Antaeus

Illustrated notes

Levels and vault maps discovered:
D:        arena_sprint

Skill      XL: |  1  2  3  4  5  6  7  8  9 10 11 12 13 14 15 16 17 18 19 20 21 22 23 24 25 26 27 |
---------------+----------------------------------------------------------------------------------+-----
Fighting       | 6 7 8 10 11 12 13 14 16 18 21 22 23 27 | 27.0
Axes           | 3 4 6 8 10 11 13 14 15 16 17 18 19 22 23 24 27 | 27.0
Dodging        | 6 7 8 10 12 13 14 15 16 18 19 21 23 24 25 27 | 27.0
Shields        | 6 7 8 9 10 11 12 13 14 16 17 18 21 22 23 27 | 27.0
Invocations    | 8 9 16 17 20 21 24 27 | 27.0
Stealth        | 7 9 11 27 | 27.0
Evocations     | 5 27 | 27.0
Throwing       | 26 | 26.3
Unarmed Combat | 7 |  7.3

Action                   |  1- 3 |  4- 6 |  7- 9 | 10-12 | 13-15 | 16-18 | 19-21 | 22-24 | 25-27 || total
-------------------------+-------+-------+-------+-------+-------+-------+-------+-------+-------++-------
Melee: War axe           |     2 |    20 |    35 |    30 |   142 |   107 |    34 |   119 |       ||   489
       Constrict         |       |     7 |     8 |    10 |     9 |     7 |    11 |    31 |    62 ||   145
       Tentacles         |       |     4 |    15 |     8 |    49 |    31 |    16 |   117 |   161 ||   401
       Broad axe         |       |       |    11 |       |       |       |       |   135 |   385 ||   531
       Punch             |       |       |       |     2 |     3 |     4 |     1 |     6 |    19 ||    35
Throw: Throwing net      |       |       |       |       |       |       |       |       |     2 ||     2
Invok: Disaster Area     |       |       |       |       |       |     2 |       |     1 |    15 ||    18
       Upheaval          |       |       |       |       |       |       |       |       |     3 ||     3
Evoke: Wand              |       |       |     7 |       |     1 |       |       |       |       ||     8
  Use: Potion            |     1 |       |     3 |     2 |     3 |    10 |     2 |     3 |     4 ||    28
       Scroll            |       |       |     2 |       |     9 |     1 |     3 |       |       ||    15
 Stab: Invisible         |       |       |     2 |       |     1 |       |       |       |       ||     3
       Confused          |       |       |       |     6 |       |       |       |       |     1 ||     7
       Distracted        |       |       |       |     1 |       |       |       |     2 |    17 ||    20
Armor: Skin              |       |     3 |     3 |     1 |     2 |     7 |     1 |    10 |    12 ||    39
Dodge: Dodged            |     2 |    18 |    26 |    13 |    53 |    63 |    17 |   217 |   354 ||   763
       Repelled          |       |       |       |       |     1 |     2 |       |     9 |    11 ||    23
Block: Buckler           |       |     3 |    12 |     7 |    73 |    98 |    19 |   206 |   387 ||   805

Table legend: (Time is in decaauts)
 A = Elapsed time spent in this place.
 B = Non-inter-level travel time spent in this place.
 C = Inter-level travel time spent in this place.
 D = Time resting spent in this place.
 E = Time spent auto-exploring this place.
 F = Levels seen in this place.
 G = Mean time per level.
                   A        B        C        D        E       F      G
               +--------+--------+--------+--------+--------+-----+--------+
         Total |   5990 |   5990 |      0 |   1527 |     18 |   1 | 5990.0 |
       Dungeon |   5990 |   5990 |      0 |   1527 |     18 |   1 | 5990.0 |
               +--------+--------+--------+--------+--------+-----+--------+

Top non-repeatable levels by time:
       D: 5990 daAuts
